 Dungeon Crawl Stone Soup version 0.26-a0-1147-g3780a7a11b (webtiles) character file.

Game seed: 630803826060177595

371 gruber the Firebug (level 6, -1/41 HPs)
             Began as a Demonspawn Fire Elementalist on Dec 22, 2020.
             Killed from afar by an orc wizard (4 damage)
             ... with a magic dart
             ... on level 4 of the Dungeon.
             The game lasted 00:07:08 (5930 turns).

gruber the Firebug (Demonspawn Fire Elementalist)   Turns: 5930, Time: 00:07:08

Health: -1/41      AC:  4    Str:  9    XL:     6   Next: 42%
Magic:  8/9        EV: 15    Int: 18    God:
Gold:   146        SH:  0    Dex: 13    Spells: 1/9 levels left

rFire    . . .     SeeInvis .   (no weapon)
rCold    . . .     Faith    .   (no shield)
rNeg     . . .     Spirit   .   a - +0 robe
rPois    .         Reflect  .   (no helmet)
rElec    .         Harm     .   (no cloak)
rCorr    +         Rampage  .   u - +0 pair of gloves
Will     .....                  p - +0 pair of boots (curse)
Stlth    ++........             (no amulet)
HPRegen  0.13/turn              f - ring of resist corrosion
MPRegen  0.11/turn              (no ring)

@: no status effects
A: claws 1, repulsion field 2
a: no special abilities


You were on level 4 of the Dungeon.
You visited 1 branch of the dungeon, and saw 4 of its levels.

You collected 146 gold pieces.

Inventory:

Missiles
 m - 17 poisoned darts
Armour
 a - a +0 robe (worn)
 p - a cursed +0 pair of boots (worn)
 u - a +0 pair of gloves (worn)
Jewellery
 f - a ring of resist corrosion (left hand)
 w - a +6 ring of intelligence {unknown}
Wands
 q - a wand of paralysis (7)
 t - a wand of flame (11)
Scrolls
 c - a scroll of magic mapping {unknown}
 e - 6 scrolls of identify {unknown}
 j - a scroll of random uselessness {unknown}
 l - a scroll of amnesia {unknown}
 n - a scroll of enchant weapon {unknown}
 r - 3 scrolls of teleportation {unknown}
 v - a scroll of remove curse {unknown}
Potions
 b - 2 potions of flight {unknown}
 d - a potion of attraction {unknown}
 g - 2 potions of mutation {unknown}
 h - a potion of resistance {unknown}
 i - a potion of degeneration {unknown}
 k - 3 potions of curing
 o - 2 potions of heal wounds
 s - a potion of brilliance {unknown}


   Skills:
 - Level 1.7 Dodging
 - Level 1.7 Stealth
 - Level 2.0 Spellcasting
 + Level 4.2 Conjurations
 + Level 5.3 Fire Magic


You had one spell level left.
You knew the following spells:

 Your Spells              Type           Power        Failure   Level
a - Foxfire               Conj/Fire      76%          2%          1
b - Conjure Flame         Conj/Fire      19%          8%          3
c - Sticky Flame          Conj/Fire      19%          26%         4

Your spell library contained the following spells:

 Spells                   Type           Power        Failure   Level
 Inner Flame              Hex/Fire       11%          19%         3
 Fireball                 Conj/Fire      9%           56%         5


Dungeon Overview and Level Annotations

Branches:
Dungeon (4/15)
 Temple: D:4-7

Altars:
Ashenzari
Sif Muna


Innate Abilities, Weirdness & Mutations

You have sharp fingernails.
You are surrounded by a moderate repulsion field. (EV +3)


Message History

Something hits you.
* * * LOW HITPOINT WARNING * * *
You miss something. The orc completely misses you.
The orc priest casts a cantrip, but nothing happens.
The orc priest invokes the aid of Beogh against you.
Something hits you.
* * * LOW HITPOINT WARNING * * *
Unknown command.
Unknown command.
You hit something but do no damage. The orc closely misses you.
Something hits you but does no damage.
You miss something. The orc closely misses you.
The orc priest miscasts a cantrip.
Something hits you.
* * * LOW HITPOINT WARNING * * *
You hit something but do no damage. The orc misses you.
You hear some strange, mumbled words.
A magic dart appears from out of thin air!
The magic dart hits you.
You die...

.##.#.##.)).##.#.##.#.##....[##.#
#.##.#.##.#...#.##.#.###.###.....
.#.##.#.##.#.#.##.#.## #.######.#
#.#.##.#.##.#.##.#.## #...[....#
##.#.##.#.##.##.#.## ##########
##.#.##.#.###.#.##
##.#.##.#.#.#.## .#
##.#.##.#.#.### # o#
##.#.##.#.##@####.##. o#
##.#.##.###{oo......## .##
##.#.#####oo##.... $. ..#
####...#..oo....... #.#.o###
#....o.o###....>....#.......
#.###.#.# ##.##.......<..# #
#.#.# ........####.# #.#.#
####.#. # #.#.# #


You could see 3 orc priests and 3 orcs.

Vanquished Creatures
  A hound (D:4)
  An iguana (D:4)
  Jessica (D:2)
  Ijyb (D:3)
  Terence (D:3)
  Natasha (thrice) (D:3)
  5 adders
  4 worms
  A dart slug (D:1)
  A leopard gecko (D:2)
  19 orcs
  7 bats
  4 giant cockroaches
  7 goblins
  5 hobgoblins
  9 jackals
  6 kobolds
  3 quokkas
  A leopard gecko skeleton (D:4)
  8 rats
88 creatures vanquished.

Vanquished Creatures (collateral kills)
  6 foxfires (D:1)
6 creatures vanquished.

Vanquished Creatures (others)
  466 foxfires
466 creatures vanquished.

Grand Total: 560 creatures vanquished

Notes
Turn   | Place    | Note
-------+----------+-------------------------------------------
     0 | D:1      | gruber the Demonspawn Fire Elementalist began the quest for
                  | the Orb.
     0 | D:1      | Reached XP level 1. HP: 13/13 MP: 3/3
   215 | D:1      | Reached skill level 3 in Fire Magic
   338 | D:1      | Gained mutation: You are surrounded by a mild repulsion
                  | field. (EV +2) [demonic ancestry]
   338 | D:1      | Reached XP level 2. HP: 19/19 MP: 3/5
  1593 | D:2      | Gained mutation: You have sharp fingernails. [demonic
                  | ancestry]
  1593 | D:2      | Reached XP level 3. HP: 15/24 MP: 1/6
  2358 | D:2      | Noticed Jessica
  2364 | D:2      | Killed Jessica
  2365 | D:2      | Reached skill level 4 in Fire Magic
  2365 | D:2      | Gained mutation: You are surrounded by a moderate repulsion
                  | field. (EV +3) [demonic ancestry]
  2365 | D:2      | Reached XP level 4. HP: 30/30 MP: 0/7
  2470 | D:2      | Found a shimmering blue altar of Sif Muna.
  2822 | D:3      | Noticed Ijyb
  2830 | D:3      | Paralysed by Ijyb for 5 turns
  2840 | D:3      | Killed Ijyb
  3129 | D:3      | Reached XP level 5. HP: 35/35 MP: 0/8
  3539 | D:3      | Noticed Natasha
  3546 | D:3      | Killed Natasha
  3655 | D:3      | Noticed Natasha
  3661 | D:3      | Killed Natasha
  3709 | D:3      | Noticed Terence
  3727 | D:3      | Killed Terence
  3889 | D:3      | Noticed Natasha
  3901 | D:3      | Killed Natasha
  3902 | D:3      | Reached skill level 5 in Fire Magic
  4325 | D:4      | Reached XP level 6. HP: 39/41 MP: 3/9
  4620 | D:4      | Learned a level 3 spell: Conjure Flame
  4625 | D:4      | Learned a level 4 spell: Sticky Flame
  4629 | D:4      | Found a broken altar of Ashenzari.
  5929 | D:4      | HP: 2/41 [something (1)]
  5930 | D:4      | Killed from afar by an orc wizard

Illustrated notes

Levels and vault maps discovered:
D:1:      dpeg_arrival_round_b, layout_basic, serial_forest,
          infiniplex_forest_clump_curved, infiniplex_forest_straight_5,
          infiniplex_forest_lined_corner, infiniplex_forest_clump_small,
          infiniplex_forest_split
D:2:      layout_rooms, lemuel_blue_sif_altar, uniq_jessica
D:3:      layout_basic, serial_glass, glass_columns_b, glass_columns_b,
          glass_columns_a, glass_columns_c, glass_columns_b, glass_columns_b,
          glass_columns_b, glass_columns_c, glass_columns_a, glass_columns_a,
          minmay_misc_feat_alley, uniq_ijyb, uniq_terence, uniq_natasha
D:4:      minmay_inner_zag, layout_loops_corners, cheibrodos_ashenzari_chains

Skill      XL: |  1  2  3  4  5  6 |
---------------+-------------------+-----
Fire Magic     | 3 4 5 |  5.3
Conjurations   | 2 3 4 |  4.2
Dodging        | |  1.7
Stealth        | |  1.7
Spellcasting   | |  2.0

Action                   |  1- 3 |  4- 6 || total
-------------------------+-------+-------++-------
Melee: Unarmed           |     2 |    49 ||    51
       Lajatang          |       |     7 ||     7
 Cast: Foxfire           |   102 |   170 ||   272
       Sticky Flame      |       |     1 ||     1
Armor: Robe              |     9 |    18 ||    27
Dodge: Dodged            |    36 |    74 ||   110

Table legend: (Time is in decaauts)
 A = Elapsed time spent in this place.
 B = Non-inter-level travel time spent in this place.
 C = Inter-level travel time spent in this place.
 D = Time resting spent in this place.
 E = Time spent auto-exploring this place.
 F = Levels seen in this place.
 G = Mean time per level.
                   A        B        C        D        E       F      G
               +--------+--------+--------+--------+--------+-----+--------+
         Total |   5934 |   5747 |    187 |    110 |   4800 |   4 | 1483.5 |
       Dungeon |   5934 |   5747 |    187 |    110 |   4800 |   4 | 1483.5 |
               +--------+--------+--------+--------+--------+-----+--------+

Top non-repeatable levels by time:
     D:3: 1869 daAuts
     D:1: 1492 daAuts
     D:4: 1447 daAuts
     D:2: 1125 daAuts
